 Dungeon Crawl Stone Soup version 0.22-a0-419-g492bfec (webtiles) character file.

10646 4thArraOfDagon the Basher (level 11, -3/99 HPs)
             Began as a Demigod Warper on May 15, 2018.
             Slain by a naga mage
             ... wielding a +0 whip
              (8 damage)
             ... on level 15 of the Dungeon.
             The game lasted 00:33:53 (9720 turns).

4thArraOfDagon the Basher (Demigod Warper)          Turns: 9720, Time: 00:33:54

Health: -3/99      AC: 11    Str: 16    XL:     11   Next: 16%
Magic:  17/17      EV:  2    Int: 23    God:
Gold:   699        SH:  0    Dex: 15    Spells: 6/14 levels left

rFire    . . .     SeeInvis +   O - +4 flail (freeze)
rCold    . . .     Gourm    .   (no shield)
rNeg     . . .     Faith    .   s - +0 plate armour {MR+}
rPois    .         Spirit   .   x - +0 helmet
rElec    .         Reflect  .   (no cloak)
rCorr    .         Harm     .   (no gloves)
MR       +++..                  (no boots)
Stlth    ..........             r - amulet of regeneration
HPRegen  0.66/turn              Q - ring of protection from magic
MPRegen  0.15/turn              J - ring of flight

@: lethally poisoned (-3 -> -3), constricted
A: see invisible, high mp 1, strong 1, subdued magic 1
a: Evoke Flight


You were on level 15 of the Dungeon.
You were not hungry.

You visited 1 branch of the dungeon, and saw 15 of its levels.
You also visited: Labyrinth.

You collected 699 gold pieces.

Inventory:

Hand Weapons
 a - a +0 mace
 k - a +2 scythe of pain
 m - a +3 hand axe of chopping
 O - a +4 flail of freezing (weapon)
 P - a +5 morningstar
Missiles
 e - 5 tomahawks of dispersal (quivered)
 t - 13 tomahawks
 w - a throwing net
Armour
 b - a +0 chain mail
 l - a +0 ring mail
 s - a +0 plate armour of magic resistance (worn)
 x - a +0 helmet (worn)
Jewellery
 q - an uncursed amulet of the gourmand
 r - an amulet of regeneration (around neck)
 z - an uncursed amulet of guardian spirit
 A - an uncursed ring of wizardry
 E - an uncursed ring of ice
 J - a ring of flight (right hand)
 K - an uncursed ring of fire
 Q - a ring of protection from magic (left hand)
Wands
 C - a wand of digging (6)
 D - a wand of enslavement (5)
Scrolls
 c - 9 scrolls of remove curse
 i - a scroll of enchant weapon
 j - a scroll of magic mapping
 n - 3 scrolls of fear {unknown}
 p - 3 scrolls of enchant armour {unknown}
 u - a scroll of teleportation
 v - 3 scrolls of amnesia {unknown}
 y - 3 scrolls of random uselessness {unknown}
 G - a scroll of brand weapon
 H - a scroll of fog {unknown}
 N - a scroll of noise {unknown}
Potions
 g - 4 potions of brilliance
 h - a potion of lignification
 o - 2 potions of flight
Miscellaneous
 L - a lightning rod (inert)
Comestibles
 f - 11 rations


   Skills:
 + Level 9.8 Fighting
 * Level 13.2 Maces & Flails
 - Level 0.8 Throwing
 - Level 1.0 Armour
 - Level 2.0 Dodging
 - Level 2.0 Spellcasting
 - Level 2.6 Translocations


You had 6 spell levels left.
You knew the following spells:

 Your Spells              Type           Power        Failure   Level  Hunger
a - Blink                 Tloc           N/A          99%         2    ##.....
b - Shroud of Golubria    Chrm/Tloc      #.........   100%        2    ##.....
c - Passage of Golubria   Tloc           N/A          100%        4    #####..

Your spell library contained the following spells:

 Spells                   Type           Power        Failure   Level  Hunger
 Fireball                 Conj/Fire      #.........   100%        5    ######.
 Conjure Flame            Conj/Fire      #.......     100%        3    ###....
 Throw Flame              Conj/Fire      #.....       100%        2    ##.....
 Teleport Other           Tloc           ##......     100%        3    ###....
 Sticky Flame             Conj/Fire      #.......     100%        4    #####..
 Flame Tongue             Conj/Fire      #....        100%        1    #......
 Inner Flame              Hex/Fire       #.......     100%        3    ###....
 Gell's Gravitas          Tloc           ##........   100%        3    ###....
 Lesser Beckoning         Tloc           ##........   100%        3    ###....


Dungeon Overview and Level Annotations

Branches:
Dungeon (15/15)            Depths (0/5) D:15
 Temple: D:4-7         Lair: D:8-11         Orc: D:9-12      Vaults: D:13-14

Shops:
D:6 %

Portals:
Trove: D:12 (give +3 gold dragon scales)

Annotations:
D:4 Menkaure
D:14 Josephine, Louise


Innate Abilities, Weirdness & Mutations

You have an increased reservoir of magic. (+10% MP)
You have supernaturally acute eyesight. (SInv)
Your muscles are strong. (Str +2)
Your spells are a little easier to cast, but a little less powerful.


Message History

You feel sick. The wizard hits you but does no damage.
The naga mage hits you but does no damage.
The naga mage constricts you.
Unknown command.
Unknown command.
Your magical effects are unravelling.
You feel magically purged.
You feel less wooden.
Your +0 helmet unmelds from your body.
Your +0 plate armour of magic resistance unmelds from your body.
You feel resistant to hostile enchantments.
The wizard hits you but does no damage.
You writhe in agony.
* * * LOW HITPOINT WARNING * * *
The naga mage hits you with a whip!
* * * LOW HITPOINT WARNING * * *
The naga mage constricts you. The wizard hits you but does no damage.
You writhe in agony.
* * * LOW HITPOINT WARNING * * *
The naga mage hits you with a whip!
You die...

**,,,*,,*****,,#.#..#..........#
,,,,,*,,*,,,*,,#.##............#
,,,*,*,,+,>,*,,'.###...........#
,*..,*,,*,,,*,,#..............##
,*#..*,,*****,,#.............##
.###.#*,,,,,,,##.........#####
......##,,,,,##.......)..#
.......#######.)Np(......#
..............(#@[...[...#
..............##.)......[#
.........(....############
........(.........#
.......(o.........#
.....(<...........#
..................#
#.....#...........#
####.#...########.#


You could see a wizard and a naga mage.

Vanquished Creatures
  A minotaur (Lab)
  3 two-headed ogres
  Urug (D:15)
  A cyclops (D:11)
  2 centaur zombies (D:13)
  Psyche (D:12)
  A gargoyle (D:15)
  A hornet (D:10)
  Sigmund (D:3)
  4 hippogriffs
  2 shadows
  A vampire (D:15)
  A wraith (D:15)
  A basilisk (D:15)
  2 hungry ghosts
  3 vampire mosquitoes (D:13)
  2 orc warriors
  3 sky beasts
  An ice beast (D:11)
  6 ogres
  A black bear (D:7)
  A necrophage (D:11)
  3 centaurs
  3 big kobolds
  6 bullfrogs
  2 wyvern zombies
  A water moccasin skeleton (D:7)
  3 killer bees
  7 wights
  2 crimson imps (D:6)
  6 hounds
  A bullfrog skeleton (D:11)
  An orc priest (D:10)
  A centaur skeleton (D:6)
  A gnoll shaman (D:3)
  2 iguanas
  8 orc wizards
  4 worker ants
  A mummy (D:13)
  Robin (D:2)
  14 adders
  14 gnolls
  2 shadow imps
  An adder zombie (D:5)
  4 worms
  A dart slug (D:2)
  8 leopard geckos
  29 orcs
  3 ball pythons
  7 bats
  4 giant cockroaches
  11 goblins
  6 hobgoblins
  10 jackals
  14 kobolds
  7 quokkas
  2 frilled lizards
  A quokka skeleton (D:4)
  6 rats
237 creatures vanquished.

Vanquished Creatures (others)
  A manticore (D:15)
  A shadow (D:14)
  An acid dragon (D:15)
  9 plants (D:9)
12 creatures vanquished.

Grand Total: 249 creatures vanquished

Notes
Turn   | Place    | Note
-------+----------+-------------------------------------------
     0 | D:1      | 4thArraOfDagon the Demigod Warper began the quest for the Orb.
     0 | D:1      | Reached XP level 1. HP: 17/17 MP: 5/5
   195 | D:1      | Reached skill level 1 in Armour
   234 | D:1      | Reached skill level 2 in Maces & Flails
   505 | D:1      | Reached XP level 2. HP: 22/24 MP: 7/7
   774 | D:2      | Reached XP level 3. HP: 10/29 MP: 8/8
  1048 | D:2      | Reached skill level 3 in Maces & Flails
  1083 | D:2      | Noticed Robin
  1113 | D:2      | Killed Robin
  1218 | D:2      | Reached XP level 4. HP: 24/37 MP: 9/9
  1394 | D:3      | Noticed Sigmund
  1588 | D:3      | Reached skill level 4 in Maces & Flails
  1588 | D:3      | Reached XP level 5. HP: 31/45 MP: 10/10
  2061 | D:3      | Killed Sigmund
  2061 | D:3      | Reached skill level 5 in Maces & Flails
  2061 | D:3      | Reached XP level 6. HP: 21/52 MP: 11/11
  2216 | D:4      | Noticed Menkaure
  2492 | D:4      | Found a shattered altar of Ashenzari.
  2630 | D:5      | Entered Level 5 of the Dungeon
  3169 | D:5      | Reached skill level 6 in Maces & Flails
  3169 | D:5      | Reached XP level 7. HP: 45/60 MP: 13/13
  3623 | D:6      | Noticed a wraith
  3743 | D:6      | Learned a level 2 spell: Blink
  3746 | D:6      | Learned a level 2 spell: Shroud of Golubria
  3751 | D:6      | Learned a level 4 spell: Passage of Golubria
  3772 | D:6      | Found a radiant altar of Vehumet.
  3773 | D:6      | Found a burning altar of Makhleb.
  3865 | D:6      | Found Aqyrew's Food Shoppe.
  4111 | D:7      | Reached skill level 5 in Fighting
  4111 | D:7      | Reached skill level 7 in Maces & Flails
  4599 | D:7      | Reached XP level 8. HP: 66/68 MP: 14/14
  5101 | D:8      | Noticed a two-headed ogre
  5138 | D:8      | Killed a two-headed ogre
  5138 | D:8      | Reached skill level 9 in Maces & Flails
  5155 | D:8      | Noticed a two-headed ogre
  5186 | D:8      | Killed a two-headed ogre
  5186 | D:8      | Reached XP level 9. HP: 26/79 MP: 15/15
  5514 | D:8      | Paralysed by fainting for 7 turns
  5529 | D:8      | Reached skill level 10 in Maces & Flails
  6001 | D:9      | Found a basalt altar of Yredelemnul.
  6156 | D:10     | Entered Level 10 of the Dungeon
  6894 | D:11     | Reached skill level 11 in Maces & Flails
  6925 | D:11     | Reached XP level 10. HP: 26/87 MP: 16/16
  7084 | D:11     | bad weapon crisis
  7084 | D:11     | Gained mutation: Your spells are a little easier to cast, but a little less powerful. [potion of mutation]
  7084 | D:11     | Gained mutation: You have supernaturally acute eyesight. (SInv) [potion of mutation]
  7084 | D:11     | Gained mutation: Your muscles are strong. (Str +2) [potion of mutation]
  7092 | D:11     | Found a blossoming altar of Fedhas.
  7237 | D:11     | Noticed a cyclops
  7245 | D:11     | Killed a cyclops
  7504 | D:11     | cant kill a thing
  7718 | D:12     | Noticed a manticore
  7733 | D:12     | Noticed a cyclops
  7772 | D:12     | Noticed Psyche
  7777 | D:12     | Killed Psyche
  7941 | D:12     | Found a portal to a secret trove of treasure.
  7998 | D:13     | Found a labyrinth entrance.
  8004 | D:13     | Reached skill level 12 in Maces & Flails
  8025 | Lab      | Entered a labyrinth
  8183 | Lab      | what a bullshit
  8250 | Lab      | Noticed a minotaur
  8269 | Lab      | Killed a minotaur
  8318 | Lab      | rotfl
  8606 | D:13     | Noticed a centaur warrior
  8628 | D:13     | Noticed a manticore
  8789 | D:14     | Noticed a two-headed ogre
  8790 | D:14     | Noticed a two-headed ogre
  8829 | D:14     | Killed a two-headed ogre
  8909 | D:14     | Noticed Josephine
  8990 | D:13     | Noticed a ghoul
  9026 | D:14     | Noticed Louise
  9076 | D:14     | Noticed a centaur warrior
  9085 | D:15     | Entered Level 15 of the Dungeon
  9177 | D:15     | Noticed a manticore
  9202 | D:15     | Reached XP level 11. HP: 79/97 MP: 17/17
  9356 | D:15     | Reached skill level 13 in Maces & Flails
  9647 | D:14     | Noticed a skeletal warrior
  9684 | D:15     | Noticed Urug
  9714 | D:15     | Noticed a wizard
  9718 | D:15     | Killed Urug
  9720 | D:15     | Slain by a naga mage

Vault maps used:
D:1:      shiori_arrival_maze
D:2:      minmay_wonky_spiral, eino_tiny_chamber, uniq_robin
D:3:      uniq_sigmund
D:4:      nicolae_ashenzari_panopticon, uniq_menkaure
D:5:      first_ration
D:6:      grunt_temple_overflow_lords_of_destruction, serial_shops, shop,
          st_stairs_12
D:7:      minmay_temple_entry_poolview
D:8:      grunt_pizzeria
D:9:      david_lair_shrubbed, yredelemnul_altar_generic, uniq_prince_ribbit1
D:10:     minmay_misc_feat_x, minmay_fountain_box
D:11:     basic_altar
D:12:     minmay_orc_entry_temple_small, enter_trove_3, uniq_nessos, uniq_psyche
D:13:     serial_undead, serial_undead_b, serial_undead_d, serial_undead_e,
          serial_undead_a, lab_entry_generic, portal_ice_cave_rime, spider_trap,
          minmay_crystal_box
D:14:     david_vaults_1, kennysheep_doodads, uniq_louise, uniq_josephine
D:15:     grunt_enter_depths_magical_seal, nrook_pool_corridor,
          roderic_three_in_a_row, lemuel_old_faithful, uniq_urug

Skill      XL: |  1  2  3  4  5  6  7  8  9 10 11 |
---------------+----------------------------------+-----
Armour         | 1 |  1.0
Maces & Flails | 2 3 4 5 6 7 9 11 12 13 | 13.2
Fighting       | 2 3 4 5 7 8 9 |  9.8
Dodging        | 2 |  2.0
Spellcasting   | 2 |  2.0
Throwing       | |  0.8
Translocations | |  2.6

Action                   |  1- 3 |  4- 6 |  7- 9 | 10-12 || total
-------------------------+-------+-------+-------+-------++-------
Melee: Mace              |    32 |       |       |       ||    32
       Hand axe          |   103 |   183 |   330 |       ||   616
       Morningstar       |       |       |   112 |   215 ||   327
       Flail             |       |       |       |    37 ||    37
Throw: Javelin           |       |       |    15 |    19 ||    34
Evoke: Wand              |       |       |    10 |    18 ||    28
       Lightning rod     |       |       |       |     6 ||     6
  Use: Potion            |       |     2 |       |    12 ||    14
       Scroll            |       |     6 |     5 |    13 ||    24
 Stab: Sleeping          |     1 |       |       |       ||     1
  Eat: Chunk             |     5 |     8 |    34 |     8 ||    55
       Ration            |       |       |     3 |       ||     3
Armor: Ring mail         |     6 |       |       |       ||     6
       Leather armour    |     3 |       |       |       ||     3
       Chain mail        |    66 |    57 |       |       ||   123
       Plate armour      |       |    74 |   333 |   183 ||   590
       Skin              |       |       |       |    20 ||    20
Dodge: Dodged            |    53 |    52 |   107 |    76 ||   288

Table legend:
 A = Spawn XP
 B = Non-spawn XP
 C = Spawn XP percentage of total XP
 D = Spawn monster count
 E = Non-spawn monster count
 F = Spawn count percentage of total count
 G = Total turns spent on level
                    A         B        C        D         E        F      G
               +---------+---------+-------+---------+---------+-------+---------
         Total |       0 |   15209 |   0.0 |       0 |     237 |   0.0 |  9720
               +---------+---------+-------+---------+---------+-------+---------
           D:1 |       0 |      21 |   0.0 |       0 |      13 |   0.0 |   656
           D:2 |       0 |      99 |   0.0 |       0 |      29 |   0.0 |   665
           D:3 |       0 |     394 |   0.0 |       0 |      19 |   0.0 |   933
           D:4 |       0 |     176 |   0.0 |       0 |      12 |   0.0 |   376
           D:5 |       0 |     240 |   0.0 |       0 |      17 |   0.0 |   965
           D:6 |       0 |     418 |   0.0 |       0 |      17 |   0.0 |   505
           D:7 |       0 |     365 |   0.0 |       0 |      10 |   0.0 |   509
           D:8 |       0 |    2583 |   0.0 |       0 |      27 |   0.0 |  1295
           D:9 |       0 |     319 |   0.0 |       0 |      18 |   0.0 |   252
          D:10 |       0 |     984 |   0.0 |       0 |      14 |   0.0 |   547
          D:11 |       0 |    2685 |   0.0 |       0 |      21 |   0.0 |  1062
          D:12 |       0 |     706 |   0.0 |       0 |       5 |   0.0 |   224
          D:13 |       0 |    2109 |   0.0 |       0 |      16 |   0.0 |   338
          D:14 |       0 |     609 |   0.0 |       0 |       6 |   0.0 |   405
          D:15 |       0 |    2262 |   0.0 |       0 |      12 |   0.0 |   564
           Lab |       0 |    1239 |   0.0 |       0 |       1 |   0.0 |   424
               +---------+---------+-------+---------+---------+-------+---------
